 Dungeon Crawl Stone Soup version 0.29.0-4-gdea44cf6ec (webtiles) character file.

Game seed: 18428867724623970446

18862 Mahakala the Basher (level 12, -2/82 HPs)
             Began as a Gargoyle Monk on Aug 27, 2022.
             Was an Elder of Zin.
             Slain by a cane toad (4 damage)
             ... on level 5 of the Lair of Beasts.
             The game lasted 00:55:44 (16558 turns).

Mahakala the Basher (Gargoyle Monk)                Turns: 16558, Time: 00:55:44

Health: -2/82      AC: 27    Str: 19    XL:     12   Next: 62%
Magic:  10/18      EV: 11    Int: 10    God:    Zin [****..]
Gold:   678        SH:  0    Dex: 13    Spells: 11/11 levels left

rFire   + . .      SeeInvis .   N - +2 whip (elec)
rCold   + . .      Faith    +   (no shield)
rNeg    + + .      Spirit   .   O - +3 ring mail
rPois   ∞          Reflect  .   (no helmet)
rElec   +          Harm     .   D - +2 ratskin cloak {*Rats rPois rN+ Str-1 Int-1 Dex+1}
rCorr   +          Rampage  .   E - +2 pair of gloves
Will    .....                   i - +0 pair of boots
Stlth   +.........              C - amulet of faith {!P}
HPRegen 0.23/turn               (no ring)
MPRegen 0.16/turn               (no ring)

@: resistant
A: sickness immunity, AC +8, negative energy resistance 1, electricity
resistance, torment resistance 1, petrification resistance
a: Renounce Religion, Recite, Vitalisation, Imprison, Donate Gold


You were on level 5 of the Lair of Beasts.
You worshipped Zin.
Zin was greatly pleased with you.
You visited 3 branches of the dungeon, and saw 15 of its levels.
You also visited: Sewer.

You collected 753 gold pieces.
You donated 75 gold pieces to Zin.

Inventory:

Hand Weapons
 a - a +0 mace
 h - a +0 dagger of venom
 N - a +2 whip of electrocution (weapon)
 Q - a +0 morningstar
Missiles
 m - 5 boomerangs (quivered)
 w - 5 poisoned darts
 F - 6 atropa-tipped darts {!f}
 I - 3 silver javelins
 J - 2 boomerangs of dispersal
Armour
 i - a +0 pair of boots (worn)
 D - the +2 ratskin cloak (worn) {*Rats rPois rN+ Str-1 Int-1 Dex+1}
   (You found it on level 6 of the Dungeon)

   When the wearer is hurt, rats may emerge from it to assist them.
   Str:       It affects your strength (-1).
   Int:       It affects your intelligence (-1).
   Dex:       It affects your dexterity (+1).
   rPois:     It protects you from poison.
   rN:        It protects you from negative energy.
 E - a +2 pair of gloves (worn)
 O - a +3 ring mail (worn)
Jewellery
 j - a ring of ice
 C - an amulet of faith (around neck) {!P}
 M - a ring of willpower
Wands
 t - a wand of flame (22)
 u - a wand of paralysis (4)
 v - a wand of digging (9)
 x - a wand of acid (7)
Scrolls
 b - a scroll of blinking {unknown}
 f - 6 scrolls of teleportation {@r4}
 g - a scroll of magic mapping
 k - 2 scrolls of identify {@r1}
 y - 2 scrolls of fog
 z - a scroll of vulnerability {unknown}
 A - a scroll of brand weapon {unknown}
 B - a scroll of enchant armour {unknown}
 G - a scroll of silence {unknown}
 K - a scroll of summoning {unknown}
Potions
 c - 3 potions of attraction {!q}
 d - a potion of berserk rage {unknown}
 e - 4 potions of curing {@q1}
 l - 2 potions of heal wounds {unknown}
 n - 4 potions of haste {unknown}
 o - 3 potions of mutation {!q}
 p - a potion of flight
 q - a potion of magic {unknown}
 r - 2 potions of lignification {!q}
 s - a potion of brilliance {unknown}
 H - 5 potions of cancellation
 L - a potion of invisibility
 P - a potion of resistance


   Skills:
 + Level 12.4 Fighting
 - Level 12.7 Maces & Flails
 + Level 10.1 Armour
 - Level 2.4 Dodging
 - Level 2.1 Stealth
 + Level 8.9 Invocations


You had 11 spell levels left.
You didn't know any spells.
Your spell library contained the following spells:

 Spells                   Type           Power      Damage    Failure   Level
 Blink                    Tloc           0%         N/A       65%         2
 Ensorcelled Hibernation  Hex/Ice        0%         N/A       65%         2
 Passwall                 Tmut/Erth      0%         N/A       65%         2
 Conjure Flame            Conj/Fire      0%         6-21      87%         3
 Ignite Poison            Fire/Tmut/Pois 0%         N/A       87%         3
 Inner Flame              Hex/Fire       0%         N/A       87%         3
 Lesser Beckoning         Tloc           0%         N/A       87%         3
 Mephitic Cloud           Conj/Pois/Air  0%         N/A       87%         3
 Portal Projectile        Hex/Tloc       0%         N/A       87%         3
 Swiftness                Air            0%         N/A       87%         3
 Tukima's Dance           Hex            0%         N/A       87%         3
 Animate Armour           Summ/Erth      0%         N/A       99%         4
 Cause Fear               Hex            0%         N/A       99%         4
 Petrify                  Tmut/Erth      0%         N/A       99%         4
 Sticky Flame             Conj/Fire      0%         2d3       99%         4
 Blade Hands              Tmut           0%         N/A       100%        5
 Freezing Cloud           Conj/Ice/Air   0%         6-21      100%        5
 Irradiate                Conj/Tmut      0%         3d11      100%        5
 Manifold Assault         Tloc           0%         N/A       100%        5
 Iron Shot                Conj/Erth      0%         9d1       100%        6
 Discord                  Hex            0%         N/A       100%        8
 Sublimation of Blood     Necr           Unusable   N/A       N/A         2

Dungeon Overview and Level Annotations

Branches:
Dungeon (10/15)            Temple (1/1) D:5            Lair (3/5) D:10
    Orc (0/2) D:9           Sewer (visited)
  Swamp: Lair:2-3    Shoals: Lair:2-3     Snake: Lair:2-3    Spider: Lair:2-3

Altars:
Ashenzari
Cheibriados
Dithmenos
Elyvilon
Fedhas
Gozag
Hepliaklqana
Kikubaaqudgha
Makhleb
Nemelex Xobeh
Okawaru
Qazlal
Ru
Sif Muna
Trog
Uskayaw
Vehumet
Wu Jian
Xom
Yredelemnul
Zin
The Shining One

Annotations:
D:8 1 runed translucent door, Erica


Innate Abilities, Weirdness & Mutations

You are immune to sickness and miasma.
Your stone body is resilient. (AC +8)
You are immune to poison.
You resist negative energy. (rN+)
You are resistant to electric shocks. (rElec)
You are resistant to unholy torment.
You are immune to petrification.


Message History

The fungus is lightly damaged.
You whack the fungus!
The fungus is moderately damaged.
You hit the fungus.
The fungus is moderately damaged.
You hit the fungus.
The fungus is moderately damaged.
You completely miss the fungus.
The fungus is moderately damaged.
Zin releases the lindwurm from its prison.
You whack the fungus!
The fungus is moderately damaged.
You hit the lindwurm. Lightning courses through the lindwurm!
The lindwurm is heavily wounded.
A nearby fungus withers and dies.
The lindwurm bites you but does no damage.
The lindwurm completely misses you.
The lindwurm claws you but does no damage.
You barely miss the lindwurm.
The lindwurm is heavily wounded.
You hit the lindwurm.
The lindwurm is heavily wounded.
The lindwurm bites you but does no damage.
The lindwurm claws you.
* * * LOW HITPOINT WARNING * * *
A river rat scurries out from under your cloak.
The lindwurm claws you but does no damage.
You hit the lindwurm but do no damage.
The lindwurm is heavily wounded.
The cane toad stings you!
* * * LOW HITPOINT WARNING * * *
A river rat scurries out from under your cloak.
Okay, then.
Okay, then.
It was a potion of resistance.
You feel protected.
The lindwurm bites you but does no damage.
The lindwurm claws you but does no damage.
The lindwurm barely misses you. The cane toad stings you.
You die...

###### #####
##....##PPP..
#r@k........#
#(.F........#
##r##....#..
###......#
##.#..#PP..#
#..........#
#...........
#.####......
##.#.......#


You could see a lindwurm (ally target), a cane toad and 2 friendly river rats.

Vanquished Creatures
  A death yak (D:10)
  Pikel (D:5)
  5 elephants
  Joseph (D:7)
  A black mamba (Lair:1)
  A torpor snail (Lair:5)
  4 cane toads
  3 komodo dragons
  Grinder (D:7)
  A blink frog (Lair:5)
  Sigmund (D:4)
  A wraith (D:10)
  47 yaks
  2 vampires
  A wyvern (D:10)
  4 basilisks
  A steam dragon (D:7)
  3 vampire mosquitoes (D:6)
  Menkaure (D:7)
  9 water moccasins
  3 ice beasts
  4 black bears
  Duvessa (D:7)
  A sky beast (D:8)
  Pargi (Sewer)
  An ogre (D:4)
  4 wolves (Lair:2)
  A centaur (D:9)
  4 lemures
  5 bullfrogs
  3 scorpions
  Dowan (D:7)
  An electric eel (D:10)
  3 hounds
  4 jellies
  2 orc priests
  2 iguanas
  5 orc wizards
  4 adders
  2 white imps (D:10)
  An ufetubus (D:10)
  7 worms
  A dart slug (D:3)
  19 orcs
  7 bats
  15 endoplasms
  3 giant cockroaches
  10 goblins
  3 hobgoblins
  4 jackals (D:3)
  5 kobolds
  6 quokkas
  8 ball pythons
  9 frilled lizards
  6 rats
245 creatures vanquished.

Vanquished Creatures (collateral kills)
  A polar bear (Lair:2)
  2 blink frogs (Lair:5)
  A yak (D:10)
  An orc warrior (D:10)
5 creatures vanquished.

Vanquished Creatures (others)
  An orc (D:8)
  10 fungi
  18 plants
29 creatures vanquished.

Grand Total: 279 creatures vanquished

Notes
Turn   | Place    | Note
-------+----------+-------------------------------------------
     0 | D:1      | Mahakala the Gargoyle Monk began the quest for the Orb.
     0 | D:1      | Reached XP level 1. HP: 14/14 MP: 1/1
   522 | D:1      | Found a faded altar of an unknown god.
   534 | D:1      | Reached XP level 2. HP: 19/19 MP: 2/2
   862 | D:1      | Reached XP level 3. HP: 23/24 MP: 3/3
  2610 | D:3      | Reached XP level 4. HP: 29/29 MP: 4/4
  2725 | D:3      | Found a hide-covered altar of Uskayaw.
  2725 | D:3      | Found a shimmering altar of Xom.
  3240 | D:4      | Noticed Sigmund
  3775 | D:4      | Noticed an ogre
  3903 | D:4      | Killed Sigmund
  3904 | D:4      | Reached skill level 5 in Maces & Flails
  3904 | D:4      | Reached XP level 5. HP: 24/34 MP: 5/5
  3904 | D:4      | Reached XP level 6. HP: 28/40 MP: 6/6
  4052 | D:4      | Found a white marble altar of Elyvilon.
  4061 | D:4      | Reached skill level 5 in Fighting
  4660 | D:4      | Reached XP level 7. HP: 41/44 MP: 7/7
  4805 | D:5      | Entered Level 5 of the Dungeon
  4813 | D:5      | Noticed Grinder
  4813 | D:5      | Paralysed by Grinder for 5 turns
  6216 | D:5      | Found a staircase to the Ecumenical Temple.
  6225 | Temple   | Entered the Ecumenical Temple
  6234 | Temple   | Became a worshipper of Zin the Law-Giver
  6234 | Temple   | Reached * piety under Zin
  6234 | Temple   | Reached ** piety under Zin
  6234 | Temple   | Reached *** piety under Zin
  6263 | D:5      | Noticed Pikel
  6328 | D:4      | Reached XP level 8. HP: 10/52 MP: 8/8
  6740 | D:5      | Killed Pikel
  6769 | D:6      | Found a glowing drain.
  7194 | D:6      | Reached XP level 9. HP: 14/59 MP: 9/9
  7453 | Sewer    | Entered a sewer
  7512 | Sewer    | Noticed Pargi
  7517 | Sewer    | Killed Pargi
  7585 | D:6      | Found the +2 ratskin cloak {*Rats rPois rN+ Str-1 Int-1
                  | Dex+1}
  7604 | D:6      | Reached skill level 10 in Maces & Flails
  7771 | D:6      | Reached **** piety under Zin
  8347 | D:7      | Noticed Dowan
  8352 | D:7      | Noticed Duvessa
  8361 | D:7      | Killed Duvessa
  8362 | D:7      | Reached skill level 1 in Armour
  8362 | D:7      | Reached skill level 1 in Invocations
  8374 | D:7      | Killed Dowan
  8394 | D:7      | Noticed Joseph
  8413 | D:7      | Killed Joseph
  8835 | D:7      | Noticed Menkaure
  8849 | D:7      | Killed Menkaure
  9183 | D:7      | Killed Grinder
  9196 | D:7      | Reached XP level 10. HP: 58/64 MP: 13/13
  9289 | D:7      | Reached skill level 5 in Armour
  9289 | D:7      | Reached skill level 5 in Invocations
  9483 | D:8      | Found a runed translucent door.
  9569 | D:8      | Noticed Erica
  9904 | D:8      | Noticed a two-headed ogre
 10345 | D:9      | Noticed a six-headed hydra
 10548 | D:9      | Reached ***** piety under Zin
 10561 | D:9      | Found a staircase to the Orcish Mines.
 10646 | D:9      | Identified the +1 scale mail of Ru's Righteous Anger
                  | {Int+3}
 10827 | D:9      | HP: 2/64 [six-headed hydra (12)]
 11203 | D:10     | Entered Level 10 of the Dungeon
 11858 | D:10     | Noticed a two-headed ogre
 12342 | D:10     | Noticed a death yak
 12437 | D:10     | Killed a death yak
 12438 | D:10     | Reached XP level 11. HP: 72/72 MP: 14/14
 12805 | D:10     | Found a shimmering blue altar of Sif Muna.
 13007 | D:10     | Found a staircase to the Lair.
 13014 | D:10     | Reached skill level 10 in Fighting
 13240 | Lair:1   | Entered Level 1 of the Lair of Beasts
 14349 | Lair:1   | Reached XP level 12. HP: 56/80 MP: 17/17
 16323 | Lair:3   | You fall into a shaft and drop 2 floors!
 16323 | Lair:5   | Entered Level 5 of the Lair of Beasts
 16444 | Lair:5   | Reached skill level 10 in Armour
 16557 | Lair:5   | HP: 2/82 [cane toad (16)]
 16558 | Lair:5   | Slain by a cane toad

Illustrated notes

Levels and vault maps discovered:
D:1:      elethiomel_arrival_infinity_welcomes_careful_drivers, layout_rooms,
          chequers_ecumenical_altar_simple
D:2:      layout_basic, minmay_pentomino_p2
D:3:      layout_basic, gammafunk_temple_overflow_elements,
          chequers_serial_rivers_large_a
D:4:      layout_basic, nicolae_elyvilon_temple_path, uniq_sigmund
D:5:      layout_rooms, minmay_temple_entry_wispy, nicolae_wormholes,
          uniq_grinder, uniq_pikel
D:6:      layout_rooms, serial_rivers, chequers_serial_rivers_small_3,
          chequers_serial_rivers_room_b, chequers_serial_rivers_marsh,
          chequers_serial_rivers_micro_d, cheibrodos_sewer_entry_drain
D:7:      layout_basic, uniq_menkaure, uniq_joseph, uniq_duvessa
D:8:      gammafunk_indiana_jones, layout_basic, uniq_erica
D:9:      layout_gridville, orc_0_dummy
D:10:     layout_basic, led_sif_pool, david_lair_generic, serial_ice,
          serial_ice_k, serial_ice_b, serial_ice_e, serial_ice_h
Temple:   nicolae_temple_no_exploring_needed
Lair:1:   layout_loops_ring, grunt_megastairs_1
Lair:2:   dreamdust_cave_troll, layout_small_grid, minmay_lindwurm_lava
Lair:3:   layout_gridlike, elwin_shoals_entry_stream,
          spider_nest_entry_funnel_web, uniq_urug
Lair:5:   evilmike_catoblepas_cave, layout_long_grid,
          minmay_slime_entry_pillars, ebering_ghost_xom,
          chequers_serial_rivers_room_b, st_stairs_4

Skill      XL: |  1  2  3  4  5  6  7  8  9 10 11 12 |
---------------+-------------------------------------+-----
Maces & Flails | 4 5 6 7 9 10 12 | 12.7
Fighting       | 4 5 6 7 8 9 11 12 | 12.4
Armour         | 4 7 8 10 | 10.1
Invocations    | 4 5 7 8 |  8.9
Dodging        | |  2.4
Stealth        | |  2.1

Action                   |  1- 3 |  4- 6 |  7- 9 | 10-12 || total
-------------------------+-------+-------+-------+-------++-------
Melee: Mace              |   130 |    91 |   179 |       ||   400
       Punch             |       |     2 |     3 |    18 ||    23
       Whip              |       |       |   170 |   918 ||  1088
Throw: Boomerang         |       |       |     4 |       ||     4
       Dart              |       |       |       |     4 ||     4
Invok: Recite            |       |       |     1 |     4 ||     5
       Sanctuary         |       |       |       |     2 ||     2
       Imprison          |       |       |       |     1 ||     1
Evoke: Wand              |       |     5 |     2 |     2 ||     9
  Use: Potion            |     1 |     1 |     2 |     2 ||     6
       Scroll            |       |     8 |     1 |     5 ||    14
 Stab: Sleeping          |     3 |       |       |       ||     3
       Invisible         |       |       |     1 |     4 ||     5
       Confused          |       |       |       |     2 ||     2
       Paralysed         |       |       |       |     1 ||     1
       Distracted        |       |       |       |     1 ||     1
Armor: Robe              |    23 |       |       |       ||    23
       Scale mail        |    34 |    67 |   176 |   231 ||   508
       Ring mail         |       |       |       |   110 ||   110
Dodge: Dodged            |    70 |    57 |   167 |   228 ||   522
